 Dungeon Crawl Stone Soup version 0.26-a0-1161-g0398aca569 (webtiles) character file.

Game seed: 829791580478260574

338 Adamkad1 the Skirmisher (level 6, -3/33 HPs)
             Began as a Vine Stalker Fighter on Dec 23, 2020.
             Was an Initiate of Gozag.
             Slain by Menkaure (13 damage)
             ... on level 6 of the Dungeon.
             The game lasted 00:04:31 (2548 turns).

Adamkad1 the Skirmisher (Vine Stalker Fighter)      Turns: 2548, Time: 00:04:31

Health: -3/33      AC: 15    Str: 21    XL:     6   Next: 55%
Magic:  0/10       EV:  4    Int:  8    God:    Gozag
Gold:   208        SH:  9    Dex: 13    Spells: 9/9 levels left

rFire    . . .     SeeInvis .   a - +0 flail
rCold    . . .     Faith    .   c - +0 kite shield
rNeg     . . .     Spirit   +   x - +0 plate armour
rPois    +         Reflect  .   (no helmet)
rElec    .         Harm     .   (no cloak)
rCorr    .         Rampage  .   (no gloves)
Will     .....                  (no boots)
Stlth    ..........             (no amulet)
HPRegen  0.51/turn              u - +4 ring of protection
MPRegen  0.12/turn              t - ring of poison resistance

@: no status effects
A: fangs 2, regeneration 1, magic shield, antimagic bite, no potion heal 3
a: Renounce Religion, Potion Petition, Call Merchant, Bribe Branch


You were on level 6 of the Dungeon.
You worshipped Gozag.
Gozag was aware of your devotion.
You visited 1 branch of the dungeon, and saw 6 of its levels.

You collected 246 gold pieces.
You paid 38 gold pieces to Gozag.

Inventory:

Hand Weapons
 a - a +0 flail (weapon)
Armour
 b - a +0 scale mail
 c - a +0 kite shield (worn)
 x - a +0 plate armour (worn)
Jewellery
 n - an uncursed ring of magical power
 t - a ring of poison resistance (right hand)
 u - a +4 ring of protection (left hand)
 A - an uncursed ring of positive energy {unknown}
Wands
 g - a wand of digging (2)
Scrolls
 e - 2 scrolls of enchant armour
 h - 2 scrolls of remove curse
 i - 2 scrolls of identify
 o - 2 scrolls of blinking {unknown}
 p - 2 scrolls of fear
 q - 2 scrolls of teleportation {unknown}
 r - a scroll of random uselessness {unknown}
 v - a scroll of noise {unknown}
 y - a scroll of fog {unknown}
 z - a scroll of enchant weapon {unknown}
Potions
 d - 2 potions of might
 f - 2 potions of haste {unknown}
 j - a potion of magic {unknown}
 k - a potion of heal wounds {unknown}
 l - 3 potions of flight {unknown}
 m - 2 potions of lignification {unknown}
 s - a potion of curing {unknown}
 w - a potion of ambrosia {unknown}


   Skills:
 * Level 4.0 Fighting
 + Level 2.8 Maces & Flails
 + Level 3.1 Armour
 * Level 4.0 Shields
 + Level 2.2 Spellcasting


You had 9 spell levels left.
You didn't know any spells.
Your spell library was empty.

Dungeon Overview and Level Annotations

Branches:
Dungeon (7/15)
 Temple: D:4-7

Altars:
Dithmenos
Elyvilon
Gozag
Qazlal
Zin

Shops:
D:4 :*:(

Annotations:
D:6 Menkaure


Innate Abilities, Weirdness & Mutations

You have extremely sharp teeth.
Your natural rate of healing is unusually fast.
When hurt, damage is shared between your health and your magic reserves.
Your bite disrupts and absorbs the magic of your enemies.
Potions cannot restore your health.


Message History

There is an entrance to an ossuary on this level.
Hurry and find it before the portal is buried!
Found a bronze ring and a glowing spear.
There is a stone staircase leading down here.
A - a bronze ring Unknown command.
Menkaure, Prince of Dust comes into view.
Menkaure shouts!
Menkaure mumbles some strange words.
Menkaure seems to speed up.
Found 20 gold pieces.
Unknown command.
Menkaure grins.
Unknown command.
Unknown command.
Menkaure casts a spell at you. Pain shoots through your body!
Menkaure hits you!!
* * * LOW HITPOINT WARNING * * *
You hit Menkaure but do no damage. Menkaure hits you!
You die...
Your body crumbles into a pile of gold.

####### #.....#
#.....#
##.....########
#>...).........
#............#
$
#.#####@.....#
#.# #M.....#
#.# #......#
#.# #......#
#.# #......#
#.# #........
#.$......
#........


You could see Menkaure (fast).

Vanquished Creatures
  Sigmund (D:2)
  Natasha (D:2)
  A worker ant (D:4)
  6 adders
  An ooze (D:3)
  An adder skeleton (D:4)
  2 worms
  2 dart slugs
  2 leopard geckos
  An orc (D:7)
  2 giant cockroaches (D:3)
  11 goblins
  4 hobgoblins
  4 jackals (D:3)
  6 kobolds
  3 quokkas
  A ball python (D:3)
  4 bats
  3 frilled lizards
  2 quokka skeletons (D:4)
  11 rats
69 creatures vanquished.

Vanquished Creatures (others)
  A withered plant (D:7)
1 creature vanquished.

Grand Total: 70 creatures vanquished

Notes
Turn   | Place    | Note
-------+----------+-------------------------------------------
     0 | D:1      | Adamkad1 the Vine Stalker Fighter began the quest for the
                  | Orb.
     0 | D:1      | Reached XP level 1. HP: 11/11 MP: 2/2
   407 | D:1      | Reached XP level 2. HP: 16/16 MP: 3/3
   872 | D:2      | Reached XP level 3. HP: 20/20 MP: 5/5
   925 | D:2      | Noticed Sigmund
   941 | D:2      | Killed Sigmund
   942 | D:2      | Reached skill level 1 in Spellcasting
   942 | D:2      | Gained mutation: Your natural rate of healing is unusually
                  | fast. [Vine Stalker growth]
   942 | D:2      | Reached XP level 4. HP: 4/25 MP: 5/7
   942 | D:2      | Reached XP level 5. HP: 5/29 MP: 5/8
  1476 | D:2      | Noticed Natasha
  1487 | D:2      | Killed Natasha
  1488 | D:2      | Reached XP level 6. HP: 32/33 MP: 10/10
  1791 | D:3      | Found a white marble altar of Elyvilon.
  1979 | D:3      | Found a stormy altar of Qazlal.
  2231 | D:3      | Found an opulent altar of Gozag.
  2231 | D:3      | Found a glowing silver altar of Zin.
  2269 | D:3      | Became a worshipper of Gozag Ym Sagoz the Greedy
  2322 | D:4      | Found Qinaicaa's General Store.
  2326 | D:4      | Found Yziew's Book Shop.
  2333 | D:4      | Found Fite's Book Shop.
  2337 | D:4      | Found Uviaschal's Antique Weapon Shop.
  2447 | D:4      | You fall into a shaft and drop 3 floors!
  2448 | D:7      | Noticed a necrophage
  2463 | D:7      | Found a shadowy altar of Dithmenos.
  2512 | D:7      | Noticed a black bear
  2545 | D:6      | Noticed Menkaure
  2548 | D:6      | Slain by Menkaure

Illustrated notes

Levels and vault maps discovered:
D:1:      dpeg_arrival_rooms_c, layout_rooms
D:2:      layout_loops_corners, uniq_natasha, uniq_sigmund
D:3:      layout_rooms, grunt_temple_overflow_gold_and_silver,
          nicolae_qazlal_general_emergency, old_standard_altar, minmay_ruptured
D:4:      layout_rooms, minmay_shop_grid_forest, uniq_pikel
D:6:      layout_basic, nzn_overflow_gifts_of_might_and_magic,
          nemelex_altar_shiori, general_overflow_altar, enter_ossuary_2,
          uniq_menkaure
D:7:      layout_loops_ring, nicolae_dithmenos_shadow_blocks, temple_doors_ab,
          serial_undead, serial_undead_e, serial_undead_c, serial_undead_d,
          serial_undead_c

Skill      XL: |  1  2  3  4  5  6 |
---------------+-------------------+-----
Maces & Flails | 2 |  2.8
Fighting       | 3 4 |  4.0
Shields        | 3 4 |  4.0
Spellcasting   | 1 2 |  2.2
Armour         | 3 |  3.1

Action                   |  1- 3 |  4- 6 || total
-------------------------+-------+-------++-------
Melee: Flail             |    47 |   132 ||   179
       Bite              |    12 |    38 ||    50
  Use: Scroll            |     5 |     3 ||     8
Armor: Scale mail        |     9 |    36 ||    45
       Plate armour      |       |    17 ||    17
Dodge: Dodged            |    13 |    35 ||    48
Block: Kite shield       |    24 |    62 ||    86

Table legend: (Time is in decaauts)
 A = Elapsed time spent in this place.
 B = Non-inter-level travel time spent in this place.
 C = Inter-level travel time spent in this place.
 D = Time resting spent in this place.
 E = Time spent auto-exploring this place.
 F = Levels seen in this place.
 G = Mean time per level.
                   A        B        C        D        E       F      G
               +--------+--------+--------+--------+--------+-----+--------+
         Total |   2607 |   2546 |     61 |    254 |   1688 |   6 |  434.5 |
       Dungeon |   2607 |   2546 |     61 |    254 |   1688 |   6 |  434.5 |
               +--------+--------+--------+--------+--------+-----+--------+

Top non-repeatable levels by time:
     D:2: 1034 daAuts
     D:1: 733 daAuts
     D:3: 564 daAuts
     D:4: 174 daAuts
     D:7: 91 daAuts
     D:6: 9 daAuts
